 Dungeon Crawl Stone Soup version 0.29-a0-775-g4d7333d4e2 (webtiles) character file.

Game seed: 2038123973974582545

4106 Anon1729 the Prestidigitator (level 10, -2/59 HPs)
             Began as a Kobold Artificer on July 1, 2022.
             Was a Believer of Ashenzari.
             Slain by a wyvern (7 damage)
             ... on level 9 of the Dungeon.
             The game lasted 00:12:55 (14141 turns).

Anon1729 the Prestidigitator (Kobold Artificer)    Turns: 14141, Time: 00:12:56

Health: -2/59      AC:  7    Str: 12    XL:     10   Next: 50%
Magic:  14/14      EV: 17    Int: 20    God:    Ashenzari [**....]
Gold:   484        SH:  0    Dex: 16    Spells: 15/15 levels left

rFire   + . .      SeeInvis +   A - +5 hand axe of the Hurting Priest {spect, rC++}
rCold   + + .      Faith    .   t - orb {light}
rNeg    . . .      Spirit   .   b - +0 leather armour "Overhang to Understand" {Alch, Elem} (curse)
rPois   .          Reflect  .   (no helmet)
rElec   .          Harm     .   (no cloak)
rCorr   .          Rampage  .   C - +0 pair of gloves "Astral Paranoia" {Evo, Range} (curse)
Will    .....                   x - +2 pair of boots "Ruined Sorrow" {Melee, Cun} (curse)
Stlth   ++........              (no amulet)
HPRegen 0.19/turn               o - ring of protection from fire
MPRegen 0.14/turn               N - +6 ring of intelligence

@: about to teleport, glowing
A: small, no large weapons, nightstalker 3
a: Renounce Religion, Shatter the Chains


You were on level 9 of the Dungeon.
You worshipped Ashenzari.
Ashenzari was pleased with you.
You visited 2 branches of the dungeon, and saw 10 of its levels.

You collected 484 gold pieces.

Inventory:

Hand Weapons
 w - a +1 short sword of electrocution
 A - the +5 hand axe of the Hurting Priest (weapon) {spect, rC++}
   (You found it on level 4 of the Dungeon)

   When its wielder attacks, the weapon's spirit leaps out and strikes again.
   The spirit shares a part of any damage it takes with its wielder.
   rC:        It greatly protects you from cold.
Missiles
 y - a throwing net
Armour
 b - the cursed +0 leather armour "Overhang to Understand" (worn) {Alch, Elem}

   It has a curse which improves the following skills: Alchemy: Poison Magic and
   Transmutations.
   Elements:  Fire Magic, Ice Magic, Air Magic and Earth Magic.
 t - an orb of light (worn)
 x - the cursed +2 pair of boots "Ruined Sorrow" (worn) {Melee, Cun}
   (You found it on level 4 of the Dungeon)

   It has a curse which improves the following skills: Melee Combat: Short
   Blades, Long Blades, Axes, Maces & Flails, Polearms, Staves and Unarmed
   Combat.
   Cunning:   Dodging and Stealth.
 C - the cursed +0 pair of gloves "Astral Paranoia" (worn) {Evo, Range}
   (You found it on level 4 of the Dungeon)

   It has a curse which improves the following skills: Evocations: Evocations.
   Ranged Combat: Ranged Weapons and Throwing.
Magical Staves
 B - a staff of fire
 J - a staff of conjuration
 Q - a staff of poison
Jewellery
 o - a ring of protection from fire (left hand)
 u - a ring of ice
 z - a ring of flight
 N - a +6 ring of intelligence (right hand)
 O - a ring of magical power
Wands
 c - a wand of flame (35) (quivered)
 d - a wand of charming (23)
 e - a wand of iceblast (9)
 L - a wand of polymorph (8)
Scrolls
 f - a scroll of torment
 g - 3 scrolls of magic mapping
 l - a scroll of teleportation
 m - a scroll of blinking
 n - a scroll of poison
 v - 3 scrolls of immolation
 G - a scroll of amnesia
 M - 3 scrolls of enchant weapon
Potions
 a - a potion of haste
 h - a potion of heal wounds
 j - a potion of mutation
 k - a potion of resistance
 p - 2 potions of brilliance
 q - 3 potions of lignification
 r - 2 potions of berserk rage
 s - 2 potions of cancellation
 E - 2 potions of attraction
 H - 2 potions of might
 K - 3 potions of ambrosia
 P - 5 potions of curing


   Skills:
 + Level 5.1 Fighting
 * Level 5.9(7.2) Staves
 + Level 3.7 Armour
 + Level 5.9(7.2) Dodging
 + Level 6.6(7.9) Stealth
 + Level 3.1 Spellcasting
 * Level 4.8 Conjurations
 * Level 8.9(10.1) Evocations


You had 15 spell levels left.
You didn't know any spells.
Your spell library contained the following spells:

 Spells                   Type           Power      Damage    Failure   Level
 Shock                    Conj/Air       52%        1d6       6%          1
 Beastly Appendage        Tmut           6%         N/A       17%         1
 Wereblood                Tmut           3%         N/A       26%         2
 Spider Form              Tmut/Pois      3%         N/A       45%         3
 Swiftness                Air            3%         N/A       45%         3
 Airstrike                Air            1%         0-2+      86%         4


Dungeon Overview and Level Annotations

Branches:
Dungeon (9/15)             Temple (1/1) D:6
   Lair: D:8-11         Orc: D:9-12

Altars:
Ashenzari
Cheibriados
Dithmenos
Elyvilon
Fedhas
Gozag
Hepliaklqana
Kikubaaqudgha
Makhleb
Nemelex Xobeh
Okawaru
Qazlal
Ru
Sif Muna
Trog
Uskayaw
Vehumet
Wu Jian
Yredelemnul
Zin
The Shining One

Shops:
D:3 (

Annotations:
D:7 2 transporters, 2 runed translucent doors, jazmu's ghost, amateur GrEE


Innate Abilities, Weirdness & Mutations

You are small and have problems with some larger weapons.
You are completely attuned to the shadows.


Message History

There are monsters nearby!
A wyvern, a wight and a gnoll sergeant come into view.
The gnoll sergeant is wielding a +0 spear of freezing.
Found a +0 leather armour.
The wyvern hisses angrily.
The gnoll sergeant shouts!
You slash the orc priest!
The orc priest is severely wounded.
A bullfrog comes into view.
The gnoll sergeant hits you from afar with a +0 spear of freezing!
The gnoll sergeant freezes you.
A troll comes into view.
The orc priest closely misses you.
The orc priest calls down the wrath of Beogh upon you.
You struggle to resist.
The gnoll sergeant hits you from afar with a +0 spear of freezing.
You slash the orc priest!
You kill the orc priest!
The gnoll sergeant misses you. The wyvern misses you. The wyvern bites you!
You completely miss the wyvern. You slash the wyvern!
Your +5 hand axe of the Hurting Priest {spect, rC++} completely misses the wyvern.
The wyvern completely misses you. The wyvern bites you.
The gnoll sergeant hits you from afar with a +0 spear of freezing.
The wyvern misses you. The wyvern closely misses you.
You are too injured to fight recklessly!
You are too injured to fight recklessly!
You are too injured to fight recklessly!
The bullfrog attacks as you move away! The bullfrog hits you.
The bullfrog barely misses you. The wyvern attacks as you move away!
The wyvern bites you. The bullfrog attacks as you move away!
The bullfrog hits you. The wyvern bites you!
* * * LOW HITPOINT WARNING * * *
As you read the scroll of fear, it crumbles to dust.
You assume a fearsome visage.
The wyvern looks frightened!
The troll looks frightened!
The bullfrog looks frightened!
The troll nearly stumbles in trying to escape.
As you read the scroll of teleportation, it crumbles to dust.
You feel strangely unstable. The wyvern bites you!
You die...

*#####..#####.##
..............# *
####.....####.# * * *
[.##...##{ #.######
...##.##, {#....... ,
,.*#..g#.#{ ##.......
* .. #z)#.#+
##........
...###..T###....#####
....@l.8........# *
...###..l###...######
..* {+#.#'.##........
. * , #.#.. ##..≈≈...
# ,,#..≈≈≈.≈ , ,
#.#..... *###....≈..
* , , .......... ,,
.....≈≈≈.≈


You could see a troll (fleeing) and 2 wyverns.

Vanquished Creatures
  A hornet (D:8)
  Sigmund (D:5)
  A vampire (D:8)
  A wyvern (D:8)
  A steam dragon (D:6)
  2 water moccasins
  An acid dragon (D:9)
  An orc warrior (D:9)
  3 ice beasts
  2 black bears (D:6)
  2 centaurs
  2 phantoms
  A kobold brigand (D:8)
  2 necrophages
  2 bullfrogs
  4 scorpions
  5 wights
  8 killer bees
  3 howler monkeys (D:8)
  4 jellies
  6 hounds
  3 orc priests
  A bouda (D:5)
  Natasha (thrice) (D:3)
  4 iguanas
  3 orc wizards
  9 adders
  4 gnolls (D:5)
  A shadow imp (D:4)
  3 white imps (D:6)
  2 worms
  A dart slug (D:3)
  5 orcs
  2 bats (D:3)
  9 endoplasms
  5 giant cockroaches
  9 hobgoblins
  A jackal (D:1)
  13 kobolds
  10 ball pythons
  7 frilled lizards
  3 goblins
  7 rats
158 creatures vanquished.

Vanquished Creatures (collateral kills)
  A jackal (D:1)
1 creature vanquished.

Vanquished Creatures (others)
  A jackal (D:1)
1 creature vanquished.

Grand Total: 160 creatures vanquished

Notes
Turn   | Place    | Note
-------+----------+-------------------------------------------
     0 | D:1      | Anon1729 the Kobold Artificer began the quest for the Orb.
     0 | D:1      | Reached XP level 1. HP: 12/12 MP: 1/1
   413 | D:1      | Reached XP level 2. HP: 9/16 MP: 2/2
  1148 | D:1      | Reached skill level 1 in Armour
  1148 | D:1      | Reached skill level 4 in Evocations
  1259 | D:1      | Reached XP level 3. HP: 12/20 MP: 3/3
  1761 | D:1      | Reached skill level 1 in Staves
  2418 | D:1      | Found a faded altar of an unknown god.
  4011 | D:2      | Reached XP level 4. HP: 26/26 MP: 4/4
  5028 | D:3      | Found Punnuv's Weapon Emporium.
  5476 | D:3      | Noticed Natasha
  5669 | D:3      | Killed Natasha
  5670 | D:3      | Reached XP level 5. HP: 25/30 MP: 5/5
  5772 | D:3      | Noticed Natasha
  5780 | D:3      | Killed Natasha
  5932 | D:3      | Noticed Natasha
  5933 | D:3      | Killed Natasha
  6402 | D:3      | Found an ornate altar of the Wu Jian Council.
  6407 | D:3      | Found a blossoming altar of Fedhas.
  6409 | D:3      | Found a faded altar of an unknown god.
  6410 | D:3      | Found a faded altar of an unknown god.
  6416 | D:3      | Found a basalt altar of Yredelemnul.
  6491 | D:4      | Reached skill level 5 in Evocations
  6491 | D:4      | Reached XP level 6. HP: 21/35 MP: 6/6
  6617 | D:4      | Found an ancient bone altar of Kikubaaqudgha.
  6803 | D:4      | Identified the +5 hand axe of the Hurting Priest {spect,
                  | rC++}
  7544 | D:5      | Entered Level 5 of the Dungeon
  7549 | D:5      | Reached XP level 7. HP: 21/40 MP: 7/7
  8096 | D:5      | Reached skill level 6 in Evocations
  8126 | D:5      | Noticed Sigmund
  8131 | D:5      | Killed Sigmund
  8132 | D:5      | Reached XP level 8. HP: 36/46 MP: 8/8
  8427 | D:5      | Identified the +0 chain mail "Izeumagg" {-Tele rC+ Will++
                  | Regen+ Str+2}
  8598 | D:6      | Reached skill level 1 in Conjurations
  8602 | D:6      | Reached skill level 1 in Spellcasting
  8757 | D:6      | Reached skill level 7 in Evocations
  8766 | D:6      | HP: 2/48 [water moccasin (6)]
  8770 | D:6      | Reached skill level 5 in Stealth
  8770 | D:6      | Reached XP level 9. HP: 13/52 MP: 9/11
  9109 | D:6      | Found a staircase to the Ecumenical Temple.
  9131 | Temple   | Entered the Ecumenical Temple
  9160 | Temple   | Became a worshipper of Ashenzari the Shackled
  9187 | D:6      | Found a stormy altar of Qazlal.
  9329 | D:6      | Found a burning altar of Makhleb.
  9632 | D:6      | Reached skill level 5 in Dodging
  9954 | D:6      | Found an iron altar of Okawaru.
 10348 | D:7      | Reached skill level 5 in Staves
 10762 | D:7      | Found a transporter.
 10764 | D:7      | Noticed a manticore
 10766 | D:7      | Noticed jazmu's ghost (amateur GrEE)
 10770 | D:7      | Noticed a manticore
 10843 | D:7      | Reached skill level 8 in Evocations
 11303 | D:7      | Found a transporter.
 11353 | D:7      | Reached * piety under Ashenzari
 11364 | D:7      | Reached XP level 10. HP: 47/58 MP: 13/13
 11479 | D:7      | Found a runed translucent door.
 11494 | D:7      | Found a runed translucent door.
 13019 | D:8      | Found an opulent altar of Gozag.
 13019 | D:8      | Found a glowing silver altar of Zin.
 13653 | D:8      | Reached skill level 5 in Fighting
 13993 | D:9      | Found a shadowy altar of Dithmenos.
 14020 | D:9      | Reached ** piety under Ashenzari
 14081 | D:9      | Found a hide-covered altar of Uskayaw.
 14141 | D:9      | Slain by a wyvern

Illustrated notes

Levels and vault maps discovered:
D:1:      saegor_arrival_simple_d, layout_loops_corners, basic_ecumenical_altar,
          serial_glass, glass_columns_a, glass_columns_a, glass_columns_b
D:2:      layout_basic
D:3:      layout_loops_corners, chequers_temple_overflow_minitemple,
          serial_shops, nicolae_shop_bloodbath_and_beyond, uniq_natasha
D:4:      layout_cave_pods, mainiacjoe_overflow_alcove_2
D:5:      layout_rooms, uniq_sigmund
D:6:      layout_loops_ring, okawaru_metal_pillars_1_2, bloody_makhleb,
          nicolae_qazlal_style_of_elements, minmay_temple_entry_ruins,
          minmay_increasing_density
D:7:      lemuel_insect_pit, layout_basic, gammafunk_ghost_arena
D:8:      layout_layer_cave, grunt_temple_overflow_gold_and_silver,
          chequers_serial_rivers_micro_b, nzn_life_drinkers
D:9:      cheibrodos_barr_body, layout_long_grid,
          nicolae_dithmenos_through_a_glass_darkly, nicolae_uskayaw_suspiria,
          minmay_misc_feat_enclosed
Temple:   hellmonk_temple_micro_hex

Skill      XL: |  1  2  3  4  5  6  7  8  9 10 |
---------------+-------------------------------+-----
Armour         | 1 2 3 |  3.7
Evocations     | 4 5 6 7 8 |  8.9
Staves         | 1 2 3 4 5 |  5.9
Stealth        | 2 3 4 5 6 |  6.6
Fighting       | 2 3 4 5 |  5.1
Dodging        | 3 4 5 |  5.9
Conjurations   | 2 3 4 |  4.8
Spellcasting   | 1 2 3 |  3.1

Action                   |  1- 3 |  4- 6 |  7- 9 | 10-12 || total
-------------------------+-------+-------+-------+-------++-------
Melee: Club              |   159 |    96 |       |       ||   255
       Short sword       |       |    22 |       |       ||    22
       Hand axe          |       |    15 |   161 |    66 ||   242
Invok: Curse Item        |       |       |     2 |     1 ||     3
Evoke: Wand              |     7 |     4 |       |       ||    11
  Use: Potion            |       |       |     2 |       ||     2
       Scroll            |       |       |    11 |     2 ||    13
 Stab: Sleeping          |    17 |    14 |     2 |     3 ||    36
       Distracted        |       |       |       |     4 ||     4
Armor: Leather armour    |    34 |    19 |    50 |     8 ||   111
Dodge: Dodged            |   114 |    98 |   149 |    83 ||   444

Table legend: (Time is in decaauts)
 A = Elapsed time spent in this place.
 B = Non-inter-level travel time spent in this place.
 C = Inter-level travel time spent in this place.
 D = Time resting spent in this place.
 E = Time spent auto-exploring this place.
 F = Levels seen in this place.
 G = Mean time per level.
                   A        B        C        D        E       F      G
               +--------+--------+--------+--------+--------+-----+--------+
         Total |  14299 |  13946 |    353 |   3374 |   9079 |  10 | 1429.9 |
       Dungeon |  14263 |  13910 |    353 |   3374 |   9065 |   9 | 1584.8 |
        Temple |     36 |     36 |      0 |      0 |     14 |   1 |   36.0 |
               +--------+--------+--------+--------+--------+-----+--------+

Top non-repeatable levels by time:
     D:1: 3148 daAuts
     D:8: 2124 daAuts
     D:2: 1812 daAuts
     D:6: 1741 daAuts
     D:3: 1596 daAuts
     D:7: 1441 daAuts
     D:4: 1290 daAuts
     D:5: 755 daAuts
     D:9: 352 daAuts
  Temple: 36 daAuts
